 Dungeon Sprint DCSS version 0.30.1-9-gdf580d7c3d (webtiles) character file.

Game seed: 18008666070053056123

12051 Heoruswealwe the Brawler (level 11, -2/126 HPs)
             Began as a Troll Fighter on Sept 28, 2023.
             Was an Initiate of Gozag.
             Slain by a hellwing (6 damage)
             ... summoned by an orc high priest
             ... in the Dungeon (Sprint IX: "|||||||||||||||||||||||||||||").
             The game lasted 00:11:57 (1202 turns).

Heoruswealwe the Brawler (Troll Fighter)            Turns: 1202, Time: 00:11:59

Health: -2/126     AC:  9    Str: 30    XL:     11   Next: 57%
Magic:  10/10      EV: 15    Int:  4    God:    Gozag
Gold:   5982       SH:  0    Dex:  9    Spells: 10/10 levels left

rFire   . .          .
                       - Unarmed
rCold   . . .        (no shield)
rNeg    + . .        c - +2 robe {rN+}
rPois   .            (helmet restricted)
rElec   .            h - +0 cloak
rCorr   .            (gloves unavailable)
SInv    .            (boots unavailable)
Will    .....        (no amulet)
Stlth   +            k - +2 ring of protection
HPRegen 1.21/turn    j - +2 ring of evasion
MPRegen 0.12/turn

%: no teleportation
@: gold aura, on berserk cooldown, slowed, very slow
A: large, unfitting armour, claws 3, regeneration 1, shaggy fur 1, tough skin 1
a: Renounce Religion, Potion Petition, Call Merchant, Bribe Branch


You were in the Dungeon.
You worshipped Gozag.
Gozag was greatly pleased with you.
You visited 1 branch You collected 5982 gold pieces.

Inventory:

Armour
 c - a +2 robe of positive energy (worn)
 d - a +0 kite shield
 h - a +0 cloak (worn)
Jewellery
 j - a +2 ring of evasion (right claw)
 k - a +2 ring of protection (left claw)
Wands
 g - a wand of acid (10)
Scrolls
 i - 2 scrolls of blinking
 n - 2 scrolls of identify
 o - 2 scrolls of enchant armour
 p - a scroll of enchant weapon
Potions
 a - 2 potions of might
 b - 4 potions of curing
 l - 2 potions of mutation
 m - a potion of resistance


   Skills:
 + Level 12.8 Fighting
 + Level 12.8 Dodging
 - Level 2.6 Shields
 * Level 20.3 Unarmed Combat


You had 10 spell levels left.
You didn't know any spells.
Your spell library was empty.

Dungeon Overview and Level Annotations

Branches:
Dungeon (1/1)

Altars:
Cheibriados
Dithmenos
Elyvilon
Fedhas
Gozag
Hepliaklqana
Kikubaaqudgha
Makhleb
Nemelex Xobeh
Okawaru
Qazlal
Ru
Sif Muna
Trog
Uskayaw
Vehumet
Wu Jian
Xom
Yredelemnul
Zin
The Shining One
Jiyva
Lugonu

Shops:
D (?[!


Innate Abilities, Weirdness & Mutations

You are too large for most types of armour.
You have claws for hands.
Your natural rate of healing is unusually fast.
You are covered in fur. (AC +1)
You have tough skin. (AC +1)


Message History

The orc high priest calls down the wrath of Beogh upon you.
You struggle to resist.
The orc sorcerer is distracted by your dazzling golden aura.
The orc sorcerer shouts!
You mangle the orc high priest!!
The orc high priest is heavily wounded.
The orc sorcerer is no longer distracted by gold.
The orc sorcerer gestures wildly while chanting.
The orc high priest is distracted by your dazzling golden aura. x2
The orc high priest shouts! x2
You eviscerate the orc high priest!!!
You kill the orc high priest!
The rust devil is distracted by your dazzling golden aura.
The orc sorcerer is distracted by your dazzling golden aura.
The hellwing swoops through the air toward you!
The hellwing hits you!
* * * LOW HITPOINT WARNING * * *
The hellwing closely misses you.
The red devil is distracted by your dazzling golden aura.
The hellwing misses you. x2
The rust devil screeches!
There is an entrance to Fagum's Magic Scroll Shoppe here.
Things that are here:
95 gold pieces; a +0 long sword of electrocution; a +0 chain mail You barely miss the rust devil.
The rust devil is no longer distracted by gold.
The orc sorcerer shouts!
The orc sorcerer is no longer distracted by gold.
The orc high priest is no longer distracted by gold.
The hellwing is distracted by your dazzling golden aura.
The rust devil closely misses you.
The hellwing gives a chilling moan.
You mangle the rust devil!!
The rust devil is heavily wounded.
The hellwing is no longer distracted by gold.
The hellwing hits you!
* * * LOW HITPOINT WARNING * * *
The hellwing hits you.
You die...
Your body crumbles into a pile of gold.

▓_▓.▓.▓.▓$▓
▓'▓.▓'▓.▓$▓
▓!▓.▓.▓.▓$▓
▓?▓.▓.▓.▓$▓
▓)▓.▓.▓/▓$▓
▓.▓.▓.▓.▓$▓
▓[▓.▓.▓.▓∩▓
▓[▓.▓.▓.▓4▓
▓[▓.▓.▓.▓@▓
▓.▓.▓.▓.▓4▓
▓.▓.▓.▓.▓o▓
▓'▓.▓.▓.▓o▓
▓)▓.▓.▓.▓4▓
▓)▓.▓[▓.▓.▓
▓.▓.▓'▓.▓.▓
▓.▓.▓.▓.▓.▓
▓.▓.▓.▓.▓$


You could see an orc high priest, a hellwing (summoned), a rust devil
(summoned), an orc sorcerer and a red devil (summoned).

Vanquished Creatures
  A hydra (D)
  A centaur warrior (D)
  Erica (D)
  3 orc high priests (D)
  3 orc knights (D)
  A cyclops (D)
  2 orc sorcerers (D)
  An elephant (D)
  4 cane toads (D)
  Psyche (D)
  2 komodo dragons (D)
  A tengu conjurer (D)
  A blink frog (D)
  A dream sheep (D)
  A slime creature (D)
  A yak (D)
  A wyvern (D)
  A vampire mosquito (D)
  2 wargs (D)
  4 hell hounds (D)
  5 water moccasins (D)
  9 orc warriors (D)
  A centaur (D)
  2 wolves (D)
  2 bullfrogs (D)
  A gnoll sergeant (D)
  A howler monkey (D)
  2 orc priests (D)
  A sleepcap (D)
  7 orc wizards (D)
  An adder (D)
  A shadow imp (D)
  13 orcs (D)
  2 endoplasms (D)
  A giant cockroach (D)
  A goblin (D)
  A frilled lizard (D)
84 creatures vanquished.

Notes
Turn   | Place    | Note
-------+----------+-------------------------------------------
     0 | D        | Heoruswealwe the Troll Fighter began the quest for the Orb.
     0 | D        | Reached XP level 1. HP: 22/22 MP: 0/0
    16 | D        | Reached skill level 3 in Unarmed Combat
    25 | D        | Noticed a sleepcap
    27 | D        | Reached XP level 2. HP: 29/29 MP: 1/1
    34 | D        | Reached skill level 4 in Unarmed Combat
    34 | D        | Reached XP level 3. HP: 22/37 MP: 2/2
    37 | D        | Reached skill level 5 in Unarmed Combat
    46 | D        | Found a snail-covered altar of Cheibriados.
    46 | D        | Found a shadowy altar of Dithmenos.
    46 | D        | Found a white marble altar of Elyvilon.
    46 | D        | Found a blossoming altar of Fedhas.
    46 | D        | Found an opulent altar of Gozag.
    47 | D        | Found a hazy altar of Hepliaklqana.
    48 | D        | Found a viscous altar of Jiyva.
    49 | D        | Found an ancient bone altar of Kikubaaqudgha.
    50 | D        | Found a corrupted altar of Lugonu.
    51 | D        | Found a burning altar of Makhleb.
    52 | D        | Found a sparkling altar of Nemelex Xobeh.
    53 | D        | Found an iron altar of Okawaru.
    54 | D        | Became a worshipper of Gozag Ym Sagoz the Greedy
    55 | D        | Found a stormy altar of Qazlal.
    56 | D        | Found a sacrificial altar of Ru.
    57 | D        | Found a shimmering blue altar of Sif Muna.
    58 | D        | Found a bloodstained altar of Trog.
    59 | D        | Found a hide-covered altar of Uskayaw.
    60 | D        | Found a radiant altar of Vehumet.
    61 | D        | Found an ornate altar of the Wu Jian Council.
    62 | D        | Found a shimmering altar of Xom.
    63 | D        | Found a basalt altar of Yredelemnul.
    64 | D        | Found a glowing silver altar of Zin.
    65 | D        | Found a glowing golden altar of the Shining One.
    91 | D        | Noticed a gnoll sergeant
    91 | D        | Noticed a yak
    91 | D        | Noticed a centaur
    91 | D        | Noticed an orc warrior
    97 | D        | Killed a gnoll sergeant
    98 | D        | Reached skill level 6 in Unarmed Combat
    98 | D        | Reached XP level 4. HP: 39/49 MP: 3/3
   100 | D        | Reached skill level 7 in Unarmed Combat
   100 | D        | Reached XP level 5. HP: 45/55 MP: 4/4
   102 | D        | Reached skill level 5 in Fighting
   102 | D        | Reached skill level 5 in Dodging
   109 | D        | Killed a yak
   110 | D        | Reached skill level 9 in Unarmed Combat
   110 | D        | Reached XP level 6. HP: 44/67 MP: 5/5
   118 | D        | Reached skill level 10 in Unarmed Combat
   121 | D        | Killed an orc warrior
   160 | D        | Noticed a centaur warrior
   160 | D        | Noticed a cyclops
   160 | D        | Noticed a tengu conjurer
   160 | D        | Noticed a vampire mosquito
   160 | D        | Noticed a slime creature
   167 | D        | Killed a centaur warrior
   168 | D        | Reached skill level 12 in Unarmed Combat
   168 | D        | Reached XP level 7. HP: 62/79 MP: 6/6
   168 | D        | Reached XP level 8. HP: 69/88 MP: 7/7
   171 | D        | Killed a cyclops
   172 | D        | Reached skill level 13 in Unarmed Combat
   181 | D        | Killed a tengu conjurer
   182 | D        | Reached skill level 14 in Unarmed Combat
   185 | D        | Killed a slime creature
   187 | D        | Reached XP level 9. HP: 33/98 MP: 8/8
   345 | D        | Noticed a cane toad
   346 | D        | Noticed a komodo dragon
   349 | D        | Noticed a cane toad
   350 | D        | Noticed an eight-headed hydra
   356 | D        | Reached skill level 15 in Unarmed Combat
   357 | D        | Killed a cane toad
   360 | D        | Killed a komodo dragon
   371 | D        | Killed a 12-headed hydra
   372 | D        | Reached skill level 10 in Fighting
   372 | D        | Reached skill level 10 in Dodging
   372 | D        | Reached skill level 16 in Unarmed Combat
   372 | D        | Killed a cane toad
   373 | D        | Reached XP level 10. HP: 103/111 MP: 9/9
   402 | D        | Noticed an elephant
   402 | D        | Noticed a cane toad
   413 | D        | Noticed a cane toad
   418 | D        | Killed an elephant
   419 | D        | Reached skill level 17 in Unarmed Combat
   424 | D        | Killed a cane toad
   445 | D        | Killed a cane toad
   505 | D        | Reached skill level 18 in Unarmed Combat
   682 | D        | Noticed Psyche
   729 | D        | HP: 4/109 [something (5)]
   807 | D        | Killed Psyche
   943 | D        | Noticed Erica
   949 | D        | Killed Erica
  1009 | D        | Noticed an orc high priest
  1022 | D        | Killed an orc high priest
  1023 | D        | Reached XP level 11. HP: 104/123 MP: 10/10
  1029 | D        | Noticed an orc knight
  1041 | D        | Killed an orc knight
  1042 | D        | Reached skill level 19 in Unarmed Combat
  1081 | D        | Noticed an orc high priest
  1088 | D        | Killed an orc high priest
  1157 | D        | Found Puasix's Weapon Emporium.
  1157 | D        | Noticed an orc knight
  1157 | D        | Noticed an orc knight
  1157 | D        | Noticed an orc sorcerer
  1165 | D        | Killed an orc knight
  1175 | D        | Noticed an orc sorcerer
  1182 | D        | Killed an orc knight
  1183 | D        | Found Fagum's Magic Scroll Shoppe.
  1184 | D        | Killed an orc sorcerer
  1185 | D        | Reached skill level 20 in Unarmed Combat
  1186 | D        | Noticed an orc high priest
  1187 | D        | Found Hicidil's Antique Armour Emporium.
  1187 | D        | Noticed an orc sorcerer
  1189 | D        | Killed an orc sorcerer
  1190 | D        | Noticed an orc high priest
  1192 | D        | Found Gemupnaom's Distillery.
  1199 | D        | Killed an orc high priest
  1202 | D        | HP: 4/126 [hellwing[an orc high priest] (9)]
  1202 | D        | Slain by a hellwing

Illustrated notes

Levels and vault maps discovered:
D:        linesprint [early_d, line_temple, items_1, d_10, items_2, lair_1,
          lair_end, items_3, orc_1, orc_end, items_4, d_15, swamp_1, shoals_1,
          snake_1, spider_1, d_20, vaults_1, items_5, swamp_end, shoals_end,
          snake_end, spider_end, vaults_end, d_27, items_6, zot_1, zot_end,
          crypt_end, forest_end, elf_end, slime_end, tomb_end, abyss_end,
          pan_hell_end]

Skill      XL: |  1  2  3  4  5  6  7  8  9 10 11 |
---------------+----------------------------------+-----
Unarmed Combat | 3 4 6 7 9 12 14 16 18 20 | 20.3
Fighting       | 3 4 6 7 9 10 11 12 | 12.8
Dodging        | 3 4 6 7 9 10 11 12 | 12.8
Shields        | |  2.6

Action                     |  1- 3 |  4- 6 |  7- 9 | 10-12 || total
---------------------------+-------+-------+-------+-------++-------
  Melee: Unarmed           |    26 |    29 |    35 |   162 ||   252
         Punch             |       |     1 |     3 |    13 ||    17
    Use: Potion            |       |       |     4 |     5 ||     9
         Scroll            |       |       |     1 |       ||     1
   Stab: Distracted        |     1 |       |       |     2 ||     3
 Armour: Robe              |     2 |    17 |     7 |    16 ||    42
  Dodge: Dodged            |     8 |    11 |    15 |    60 ||    94
